[ AOE2 MATCH · #493797258 ]
UnrankedCumans vs Portuguese
Player's team · WIN
Rival team · LOSS
[ REPLAY ANALYSIS · EXTRACTED FROM THE RECORDED GAME ]
Feudal
9:49
Castle
—
Imperial
—
| APM avg | 52.4 |
| APM peak | 81 |
| eAPM avg | 17.5 |
| Villagers / military | 32 / 20 |
Focus
⚔️ 31.1% · 🌾 68.9%
Archer ×12 · Militia ×4 · Battering Ram ×4
Feudal
12:31
Castle
—
Imperial
—
| APM avg | 42.0 |
| APM peak | 71 |
| eAPM avg | 19.3 |
| Villagers / military | 47 / 8 |
Focus
⚔️ 27.3% · 🌾 72.7%
Scout Cavalry ×5 · Skirmisher ×3
Match map
Initial resources + every placement click. Lines = walls · curves = elevation contours. ◆ gold · ⬟ stone · ● berries · ✦ relic · ◌ wall gap
Your base· Open — unwalled flank
快乐不易's base· Open — unwalled flank
Smoothed initial terrain · ◌ = detected wall gap · hover for details
Inputs per minute
— Equisde - - 快乐不易
Build order — Equisde
77 actions detected in the replay
| 0:01 | Create | Villager (Male) |
| 0:01 | Create | Villager (Male) |
| 0:03 | Build | House |
| 0:04 | Build | House |
| 0:31 | Create | Villager (Male) |
| 0:31 | Create | Villager (Male) |
| 0:32 | Create | Villager (Male) |
| 1:13 | Create | Villager (Male) |
| 1:40 | Create | Villager (Male) |
| 1:40 | Create | Villager (Male) |
| 2:02 | Build | Lumber Camp |
| 2:07 | Create | Villager (Male) |
| 2:07 | Create | Villager (Male) |
| 2:36 | Create | Villager (Male) |
| 2:36 | Create | Villager (Male) |
| 3:03 | Create | Villager (Male) |
| 3:03 | Create | Villager (Male) |
| 3:29 | Create | Villager (Male) |
| 3:29 | Create | Villager (Male) |
| 3:51 | Create | Villager (Male) |
| 4:14 | Build | House |
| 4:15 | Build | House |
| 4:26 | Create | Villager (Male) |
| 4:26 | Create | Villager (Male) |
| 4:48 | Build | Mill |
| 4:51 | Create | Villager (Male) |
| 4:51 | Create | Villager (Male) |
| 4:52 | Create | Villager (Male) |
| 5:39 | Create | Villager (Male) |
| 5:40 | Create | Villager (Male) |
| 6:04 | Research | Loom |
| 7:05 | Create | Villager (Male) |
| 7:39 | Research | Feudal Age |
| 7:46 | Build | Barracks |
| 8:42 | Create | Militia |
| 8:42 | Create | Militia |
| 8:43 | Create | Militia |
| 8:43 | Create | Militia |
| 9:31 | Build | House |
| 9:49 | Age | Feudal Age |
| 9:52 | Research | Man-at-Arms (upgrade) |
| 9:56 | Build | Blacksmith |
| 9:58 | Create | Villager (Male) |
| 10:10 | Build | Mining Camp |
| 10:47 | Build | Archery Range |
| 11:01 | Create | Villager (Male) |
| 11:04 | Create | Villager (Male) |
| 11:21 | Research | Fletching |
| 11:40 | Build | Siege Workshop |
| 11:44 | Create | Archer |
| 11:59 | Build | Palisade Wall |
| 12:00 | Build | Palisade Wall |
| 12:00 | Build | Palisade Wall |
| 12:55 | Create | Archer |
| 13:12 | Create | Archer |
| 13:14 | Create | Battering Ram |
| 13:14 | Create | Battering Ram |
| 13:16 | Create | Villager (Male) |
| 13:18 | Create | Villager (Male) |
| 13:22 | Build | Farm |
| 13:37 | Build | Mill |
| 14:11 | Create | Archer |
| 14:12 | Create | Archer |
| 14:12 | Create | Archer |
| 14:12 | Create | Archer |
| 14:12 | Create | Archer |
| 15:33 | Create | Archer |
| 15:37 | Build | House |
| 15:38 | Build | House |
| 15:42 | Create | Battering Ram |
| 15:56 | Create | Archer |
| 16:05 | Build | Farm |
| 16:15 | Create | Villager (Male) |
| 16:35 | Create | Archer |
| 17:04 | Create | Archer |
| 17:07 | Create | Battering Ram |
| 17:24 | Create | Villager (Male) |
Build order — 快乐不易
98 actions detected in the replay
| 0:01 | Create | Villager (Male) |
| 0:02 | Create | Villager (Male) |
| 0:02 | Build | House |
| 0:03 | Build | House |
| 0:35 | Create | Villager (Male) |
| 0:36 | Create | Villager (Male) |
| 0:36 | Create | Villager (Male) |
| 1:27 | Create | Villager (Male) |
| 1:27 | Create | Villager (Male) |
| 1:27 | Create | Villager (Male) |
| 1:52 | Build | Lumber Camp |
| 1:58 | Create | Villager (Male) |
| 1:59 | Create | Villager (Male) |
| 2:22 | Create | Villager (Male) |
| 2:23 | Create | Villager (Male) |
| 2:37 | Build | House |
| 2:38 | Build | House |
| 2:51 | Create | Villager (Male) |
| 2:51 | Create | Villager (Male) |
| 2:52 | Create | Villager (Male) |
| 3:04 | Create | Villager (Male) |
| 3:05 | Create | Villager (Male) |
| 3:31 | Build | House |
| 3:43 | Create | Villager (Male) |
| 3:43 | Create | Villager (Male) |
| 3:43 | Create | Villager (Male) |
| 4:25 | Create | Villager (Male) |
| 4:26 | Create | Villager (Male) |
| 4:54 | Create | Villager (Male) |
| 4:55 | Create | Villager (Male) |
| 4:55 | Create | Villager (Male) |
| 5:22 | Build | Mill |
| 5:42 | Create | Villager (Male) |
| 6:00 | Create | Villager (Male) |
| 6:04 | Build | Farm |
| 6:07 | Build | Farm |
| 6:35 | Create | Villager (Male) |
| 7:01 | Create | Villager (Male) |
| 7:16 | Build | Mill |
| 7:25 | Create | Villager (Male) |
| 7:52 | Create | Villager (Male) |
| 7:52 | Create | Villager (Male) |
| 8:04 | Build | House |
| 8:28 | Build | Mining Camp |
| 8:37 | Create | Villager (Male) |
| 9:08 | Create | Villager (Male) |
| 9:09 | Create | Villager (Male) |
| 9:52 | Research | Loom |
| 9:53 | Research | Feudal Age |
| 10:14 | Build | Palisade Wall |
| 11:03 | Create | Villager (Male) |
| 11:12 | Build | Barracks |
| 11:33 | Create | Villager (Male) |
| 11:43 | Build | Palisade Wall |
| 12:17 | Create | Villager (Male) |
| 12:17 | Create | Villager (Male) |
| 12:31 | Age | Feudal Age |
| 12:38 | Build | Watch Tower |
| 12:50 | Build | Palisade Wall |
| 12:53 | Build | Palisade Wall |
| 12:56 | Build | Palisade Wall |
| 12:58 | Build | Palisade Wall |
| 13:00 | Build | Palisade Wall |
| 13:10 | Create | Villager (Male) |
| 13:10 | Create | Villager (Male) |
| 13:14 | Build | Farm |
| 13:16 | Create | Villager (Male) |
| 13:19 | Build | House |
| 13:30 | Build | Stable |
| 13:36 | Build | Mining Camp |
| 13:40 | Build | Farm |
| 13:43 | Build | Farm |
| 13:58 | Build | Blacksmith |
| 14:09 | Create | Scout Cavalry |
| 14:09 | Create | Scout Cavalry |
| 14:16 | Build | House |
| 14:18 | Build | Palisade Wall |
| 14:21 | Build | Palisade Wall |
| 14:28 | Create | Villager (Male) |
| 15:16 | Create | Scout Cavalry |
| 15:17 | Create | Villager (Male) |
| 15:31 | Create | Scout Cavalry |
| 15:43 | Build | Farm |
| 15:44 | Create | Villager (Male) |
| 16:00 | Create | Scout Cavalry |
| 16:09 | Research | Double-Bit Axe |
| 16:19 | Build | Archery Range |
| 16:53 | Build | Farm |
| 16:54 | Build | Farm |
| 16:58 | Create | Skirmisher |
| 16:58 | Create | Skirmisher |
| 16:58 | Create | Skirmisher |
| 17:05 | Build | House |
| 17:10 | Build | Farm |
| 17:11 | Build | Farm |
| 17:12 | Build | Farm |
| 17:19 | Create | Villager (Male) |
| 17:19 | Create | Villager (Male) |
Match timeline
| 7:46 | Equisde · first_building Barracks |
| 9:49 | Equisde · age_up feudal |
| 10:14 | 快乐不易 · wall_segment Palisade Wall x1 |
| 10:47 | Equisde · first_building Archery Range |
| 11:12 | 快乐不易 · first_building Barracks |
| 11:40 | Equisde · first_building Siege Workshop |
| 11:43 | 快乐不易 · wall_segment Palisade Wall x5 |
| 11:59 | Equisde · wall_segment Palisade Wall x1 |
| 12:00 | Equisde · wall_segment Palisade Wall x1 |
| 12:00 | Equisde · wall_segment Palisade Wall x1 |
| 12:31 | 快乐不易 · age_up feudal |
| 12:50 | 快乐不易 · wall_segment Palisade Wall x1 |
| 12:53 | 快乐不易 · wall_segment Palisade Wall x1 |
| 12:56 | 快乐不易 · wall_segment Palisade Wall x1 |
| 12:58 | 快乐不易 · wall_segment Palisade Wall x1 |
| 13:00 | 快乐不易 · wall_segment Palisade Wall x1 |
| 13:30 | 快乐不易 · first_building Stable |
| 14:18 | 快乐不易 · wall_segment Palisade Wall x1 |
| 14:21 | 快乐不易 · wall_segment Palisade Wall x1 |
| 16:19 | 快乐不易 · first_building Archery Range |
| 17:34 | 快乐不易 · resign |
[ AI ANALYSIS · 1 CREDIT ]
What really happened in this match?
Wolo.gg analyzes every decision: build order, eco, micro, common mistakes by bracket. Personalized analysis on WhatsApp or Discord in 30 seconds.
Civ guide
Cumans
Perfil
Jugador #12188043